TOP OF THE 1ST |
Put-In-Bay BC batting - Pitching for Syracuse Storm : LHP Heyg Lamper
|
Pitching: LHP Heyg Lamper
|
|
Batting: SHB Júlio Pérez
|
0-0: Ball 1-0: Ball 2-0: Fly out, F9 (Flyball, 89M)
|
Batting: RHB Edgar Balerio
|
0-0: Ball 1-0: DOUBLE (Line Drive, 78M)
|
Batting: LHB Tural Bishara
|
0-0: Foul Ball, location: 2F 0-1: Swinging Strike 0-2: Ball 1-2: Strikes out swinging
|
Batting: RHB Alan McLennan
|
0-0: Called Strike 0-1: Swinging Strike 0-2: Ball 1-2: Strikes out looking
|
Top of the 1st over - 0 run(s), 1 hit(s), 0 error(s), 1 left on base; Put-In-Bay 0 - Syracuse 0 |
BOTTOM OF THE 1ST |
Syracuse Storm batting - Pitching for Put-In-Bay BC : LHP Gerald Bolton
|
Pitching: LHP Gerald Bolton
|
|
Batting: RHB José Colón
|
0-0: Foul Ball, location: 2F 0-1: Ball 1-1: Swinging Strike 1-2: Foul Ball, location: 2F 1-2: Ball 2-2: Strikes out looking
|
Batting: RHB Jim Unknown
|
0-0: Ball 1-0: Foul Ball, location: 2F 1-1: Ball 2-1: Foul Ball, location: 2F 2-2: Ball 3-2: Base on Balls
|
Batting: RHB Tom Boyer
|
0-0: Called Strike 0-1: Foul Ball, location: 2F 0-2: Foul Ball, location: 2F 0-2: Foul Ball, location: 2F 0-2: Fielders Choice at 2nd, 6-4 (Groundball, 56)
|
Batting: LHB William Duffy
|
0-0: Called Strike 0-1: Ball 1-1: Fielders Choice at 2nd, 6-4 (Groundball, 6)
|
Bottom of the 1st over - 0 run(s), 0 hit(s), 0 error(s), 0 left on base; Put-In-Bay 0 - Syracuse 0 |
TOP OF THE 2ND |
Put-In-Bay BC batting - Pitching for Syracuse Storm : LHP Heyg Lamper
|
Batting: SHB Eugene Clutch
|
0-0: Foul Ball, location: 2F 0-1: Called Strike 0-2: Ball 1-2: Ball 2-2: Foul Ball, location: 2F 2-2: Foul Ball, location: 2F 2-2: Foul Ball, location: 2F 2-2: Ground out 4-3 (Groundball, 4)
|
Batting: RHB Alejandro Márquez
|
0-0: Called Strike 0-1: SINGLE (Groundball, 6MD)
|
Batting: RHB Oscar McMillan
|
0-0: Fly out, F8 (Flyball, 8RS)
|
Batting: RHB Angus Watts
|
0-0: Called Strike 0-1: Foul Ball, location: 2F 0-2: Foul Ball, location: 2F 0-2: Strikes out swinging
|
Top of the 2nd over - 0 run(s), 1 hit(s), 0 error(s), 1 left on base; Put-In-Bay 0 - Syracuse 0 |
BOTTOM OF THE 2ND |
Syracuse Storm batting - Pitching for Put-In-Bay BC : LHP Gerald Bolton
|
Batting: RHB Aethelwulf Haraldson
|
0-0: Ground out 5-3 (Groundball, 56S)
|
Batting: RHB Tsuginori Kobayashi
|
0-0: Called Strike 0-1: Ball 1-1: Foul Ball, location: 2F 1-2: Foul Ball, location: 2F 1-2: Ball 2-2: Ground out 1-3 (Groundball, 13)
|
Batting: RHB Scott Donlan
|
0-0: Ball 1-0: Ball 2-0: Foul Ball, location: 2F 2-1: Fly out, F3 (Line Drive, 4)
|
Bottom of the 2nd over - 0 run(s), 0 hit(s), 0 error(s), 0 left on base; Put-In-Bay 0 - Syracuse 0 |
TOP OF THE 3RD |
Put-In-Bay BC batting - Pitching for Syracuse Storm : LHP Heyg Lamper
|
Batting: LHB Francisco Alfaro
|
0-0: Ball 1-0: Foul Ball, location: 2F 1-1: Swinging Strike 1-2: Strikes out swinging, 2-3 out at first.
|
Batting: SHB Júlio Pérez
|
0-0: Ball 1-0: Foul Ball, location: 2F 1-1: Called Strike 1-2: Strikes out swinging
|
Batting: RHB Edgar Balerio
|
0-0: Called Strike 0-1: Ball 1-1: Ball 2-1: Ball 3-1: Foul Ball, location: 2F 3-2: Foul Ball, location: 2F 3-2: Strikes out swinging
|
Top of the 3rd over - 0 run(s), 0 hit(s), 0 error(s), 0 left on base; Put-In-Bay 0 - Syracuse 0 |
BOTTOM OF THE 3RD |
Syracuse Storm batting - Pitching for Put-In-Bay BC : LHP Gerald Bolton
|
Batting: RHB Vince Staples
|
0-0: Ball 1-0: Foul Ball, location: 2F 1-1: Swinging Strike 1-2: Ball 2-2: Fly out, F8 (Flyball, 8RM)
|
Batting: RHB Scotty Smalls
|
0-0: Fly out, F9 (Flyball, 89M)
|
Batting: RHB José Colón
|
0-0: Ball 1-0: Ground out 4-3 (Groundball, 4)
|
Bottom of the 3rd over - 0 run(s), 0 hit(s), 0 error(s), 0 left on base; Put-In-Bay 0 - Syracuse 0 |
TOP OF THE 4TH |
Put-In-Bay BC batting - Pitching for Syracuse Storm : LHP Heyg Lamper
|
Batting: LHB Tural Bishara
|
0-0: Ball 1-0: Foul Ball, location: 2F 1-1: Fly out, F8 (Flyball, 8LM)
|
Batting: RHB Alan McLennan
|
0-0: Ground out 6-3 (Groundball, 6MD)
|
Batting: SHB Eugene Clutch
|
0-0: Swinging Strike 0-1: Called Strike 0-2: Ball 1-2: Ball 2-2: Foul Ball, location: 2F 2-2: Fly out, F4 (Popup, 34D)
|
Top of the 4th over - 0 run(s), 0 hit(s), 0 error(s), 0 left on base; Put-In-Bay 0 - Syracuse 0 |
BOTTOM OF THE 4TH |
Syracuse Storm batting - Pitching for Put-In-Bay BC : LHP Gerald Bolton
|
Batting: RHB Jim Unknown
|
0-0: Called Strike 0-1: Swinging Strike 0-2: Strikes out looking
|
Batting: RHB Tom Boyer
|
0-0: Fly out, F9 (Flyball, 89M)
|
Batting: LHB William Duffy
|
0-0: Ball 1-0: Foul Ball, location: 2F 1-1: SINGLE (Groundball, 4MD)
|
Batting: RHB Aethelwulf Haraldson
|
0-0: Called Strike 0-1: Swinging Strike 0-2: Ball 1-2: Foul Ball, location: 2F 1-2: Strikes out swinging
|
Bottom of the 4th over - 0 run(s), 1 hit(s), 0 error(s), 1 left on base; Put-In-Bay 0 - Syracuse 0 |
TOP OF THE 5TH |
Put-In-Bay BC batting - Pitching for Syracuse Storm : LHP Heyg Lamper
|
Batting: RHB Alejandro Márquez
|
0-0: Foul Ball, location: 2F 0-1: Ball 1-1: SINGLE (Line Drive, 89S)
|
Batting: RHB Oscar McMillan
|
0-0: Foul Ball, location: 2F 0-1: Sac Bunt - play at second, runner OUT! 2-6
|
Batting: RHB Angus Watts
|
0-0: Foul Ball, location: 2F 0-1: Called Strike 0-2: Ball 1-2: Strikes out swinging
|
Batting: LHB Francisco Alfaro
|
0-0: Ball Oscar McMillan is caught stealing 2nd base
|
Top of the 5th over - 0 run(s), 1 hit(s), 0 error(s), 0 left on base; Put-In-Bay 0 - Syracuse 0 |
BOTTOM OF THE 5TH |
Syracuse Storm batting - Pitching for Put-In-Bay BC : LHP Gerald Bolton
|
Batting: RHB Tsuginori Kobayashi
|
0-0: Called Strike 0-1: Ball 1-1: Reached on error, E6 (Groundball, 6M)
|
Batting: RHB Scott Donlan
|
0-0: Ball 1-0: Called Strike 1-1: Ball 2-1: Called Strike 2-2: Ball 3-2: Foul Ball, location: 2F 3-2: Base on Balls
|
Batting: RHB Vince Staples
|
0-0: Ball 1-0: Swinging Strike 1-1: Foul Ball, location: 2F 1-2: Strikes out swinging
|
Batting: RHB Scotty Smalls
|
0-0: Ball 1-0: Ball 2-0: Ball 3-0: Swinging Strike 3-1: SINGLE (Groundball, 4MD) Tsuginori Kobayashi to third Scott Donlan to second Runner from 3rd tries for Home, SAFE, throw made at trailing runner, OUT at third!
|
Batting: RHB José Colón
|
0-0: Fielders Choice at 2nd, U6 (Groundball, 6M)
|
Bottom of the 5th over - 1 run(s), 1 hit(s), 1 error(s), 1 left on base; Put-In-Bay 0 - Syracuse 1 |
TOP OF THE 6TH |
Put-In-Bay BC batting - Pitching for Syracuse Storm : LHP Heyg Lamper
|
Batting: LHB Francisco Alfaro
|
0-0: Ball 1-0: Ball 2-0: Swinging Strike 2-1: Ball 3-1: Foul Ball, location: 2F 3-2: Strikes out swinging
|
Batting: SHB Júlio Pérez
|
0-0: Swinging Strike 0-1: Called Strike 0-2: Strikes out swinging
|
Batting: RHB Edgar Balerio
|
0-0: Called Strike 0-1: Called Strike 0-2: Strikes out swinging
|
Top of the 6th over - 0 run(s), 0 hit(s), 0 error(s), 0 left on base; Put-In-Bay 0 - Syracuse 1 |
BOTTOM OF THE 6TH |
Syracuse Storm batting - Pitching for Put-In-Bay BC : LHP Gerald Bolton
|
Batting: RHB Jim Unknown
|
0-0: Foul Ball, location: 2F 0-1: Swinging Strike 0-2: Ball 1-2: Foul Ball, location: 2F 1-2: Foul Ball, location: 2F 1-2: Strikes out swinging
|
Batting: RHB Tom Boyer
|
0-0: Ball 1-0: Foul Ball, location: 2F 1-1: Foul Ball, location: 2F 1-2: Ball 2-2: Foul Ball, location: 2F 2-2: Foul Ball, location: 2F 2-2: Ball 3-2: Foul Ball, location: 2F 3-2: Ground out 6-3 (Groundball, 6)
|
Batting: LHB William Duffy
|
0-0: Ball 1-0: Ball 2-0: Foul Ball, location: 2F 2-1: Foul Ball, location: 2F 2-2: Ball 3-2: Foul Ball, location: 2F 3-2: Base on Balls
|
Batting: RHB Aethelwulf Haraldson
|
0-0: Foul Ball, location: 2F 0-1: Foul Ball, location: 2F 0-2: Ball 1-2: SINGLE (Groundball, 4MD) William Duffy to second
|
Batting: RHB Tsuginori Kobayashi
|
0-0: Ball 1-0: Fly out, F8 (Flyball, 8RM)
|
Bottom of the 6th over - 0 run(s), 1 hit(s), 0 error(s), 2 left on base; Put-In-Bay 0 - Syracuse 1 |
TOP OF THE 7TH |
Put-In-Bay BC batting - Pitching for Syracuse Storm : LHP Heyg Lamper
|
Batting: LHB Tural Bishara
|
0-0: SINGLE (Line Drive, 34D)
|
Batting: RHB Alan McLennan
|
0-0: Ball 1-0: Grounds into double play, 5-4-3 (Groundball, 56)
|
Batting: SHB Eugene Clutch
|
0-0: Ball 1-0: Foul Ball, location: 2F 1-1: SINGLE (Flyball, 56D)
|
Batting: RHB Alejandro Márquez
|
0-0: Ball 1-0: Ground out 4-3 (Groundball, 4MS)
|
Top of the 7th over - 0 run(s), 2 hit(s), 0 error(s), 1 left on base; Put-In-Bay 0 - Syracuse 1 |
BOTTOM OF THE 7TH |
Syracuse Storm batting - Pitching for Put-In-Bay BC : LHP Gerald Bolton
|
Batting: RHB Scott Donlan
|
0-0: Ball 1-0: Ball 2-0: Ball 3-0: Base on Balls
|
Batting: RHB Vince Staples
|
0-0: Sac Bunt - play at first, batter OUT! U3 Scott Donlan to second
|
Pinch Hitting: RHB Jerry Bowen
|
0-0: Ball 1-0: Ball 2-0: Called Strike 2-1: Called Strike 2-2: Ground out 5-3 (Groundball, 56)
|
Pitching: RHP Esteban Ramos
|
|
Batting: RHB José Colón
|
0-0: Called Strike 0-1: Called Strike 0-2: Strikes out swinging
|
Bottom of the 7th over - 0 run(s), 0 hit(s), 0 error(s), 1 left on base; Put-In-Bay 0 - Syracuse 1 |
TOP OF THE 8TH |
Put-In-Bay BC batting - Pitching for Syracuse Storm : LHP Heyg Lamper
|
Now at 3B: Jerry Bowen
|
|
Batting: RHB Oscar McMillan
|
0-0: Called Strike 0-1: DOUBLE (Line Drive, 78XD) - OUT at third base trying to stretch hit.
|
Batting: RHB Angus Watts
|
0-0: Swinging Strike 0-1: Called Strike 0-2: Ball 1-2: Foul Ball, location: 2F 1-2: Ball 2-2: Strikes out swinging
|
Batting: LHB Francisco Alfaro
|
0-0: Fly out, F9 (Flyball, 9)
|
Top of the 8th over - 0 run(s), 1 hit(s), 0 error(s), 0 left on base; Put-In-Bay 0 - Syracuse 1 |
BOTTOM OF THE 8TH |
Syracuse Storm batting - Pitching for Put-In-Bay BC : RHP Esteban Ramos
|
Batting: RHB Jim Unknown
|
0-0: Ball 1-0: Foul Ball, location: 2F 1-1: Ball 2-1: Ball 3-1: Called Strike 3-2: SINGLE (Line Drive, 7S)
|
Pinch Hitting: LHB Jim Unknown
|
0-0: Called Strike 0-1: Foul Ball, location: 2F 0-2: Fly out, F9 (Flyball, 9S)
|
Batting: LHB William Duffy
|
0-0: Ball 1-0: Swinging Strike 1-1: Foul Ball, location: 2F 1-2: Ball 2-2: Ball 3-2: Foul Ball, location: 2F 3-2: Strikes out swinging
|
Pinch Hitting: LHB King Randell
|
0-0: Swinging Strike 0-1: Swinging Strike 0-2: Strikes out swinging
|
Bottom of the 8th over - 0 run(s), 1 hit(s), 0 error(s), 1 left on base; Put-In-Bay 0 - Syracuse 1 |
TOP OF THE 9TH |
Put-In-Bay BC batting - Pitching for Syracuse Storm : LHP Heyg Lamper
|
Now at SS: António Paez
|
|
Now in LF: Jim Unknown
|
|
Pinch Hitting: RHB Lou Lumsden
|
0-0: Called Strike 0-1: Foul Ball, location: 2F 0-2: Foul Ball, location: 2F 0-2: Fly out, F9 (Flyball, 89D)
|
Pitching: LHP Jim Unknown
|
|
Batting: RHB Edgar Balerio
|
0-0: SINGLE (Line Drive, 78S)
|
Pinch Runner at 1st Francisco Moreno:
|
|
Batting: LHB Tural Bishara
|
0-0: Called Strike 0-1: Ball 1-1: Ball 2-1: Ball 3-1: Fly out, F8 (Flyball, 8RXD)
|
Batting: RHB Alan McLennan
|
0-0: Ball 1-0: 2-RUN HOME RUN (Flyball, 7D), Distance : 385 ft
|
Batting: SHB Eugene Clutch
|
0-0: Called Strike 0-1: Ball 1-1: Swinging Strike 1-2: Ball 2-2: Ball 3-2: SOLO HOME RUN (Flyball, 8RXD) (Inside the Park)
|
Pitching: RHP Jorge Villanueva
|
|
Batting: RHB Alejandro Márquez
|
0-0: Called Strike 0-1: Swinging Strike 0-2: Ball 1-2: Foul Ball, location: 2F 1-2: Ball 2-2: Ball 3-2: Foul Ball, location: 2F 3-2: Foul Ball, location: 2F 3-2: SINGLE (Groundball, 6MS) (infield hit)
|
Batting: RHB Oscar McMillan
|
0-0: Ball 1-0: Swinging Strike 1-1: Ball 2-1: Foul Ball, location: 2F 2-2: Foul Ball, location: 2F 2-2: Ball 3-2: Fly out, F8 (Flyball, 78M)
|
Top of the 9th over - 3 run(s), 4 hit(s), 0 error(s), 1 left on base; Put-In-Bay 3 - Syracuse 1 |
BOTTOM OF THE 9TH |
Syracuse Storm batting - Pitching for Put-In-Bay BC : RHP Esteban Ramos
|
Pitching: RHP Félix Santiago
|
|
Now at 1B: Lou Lumsden
|
|
Now in RF: Francisco Moreno
|
|
Batting: RHB Tsuginori Kobayashi
|
0-0: Called Strike 0-1: Swinging Strike 0-2: Ball 1-2: Foul Ball, location: 2F 1-2: Ball 2-2: Ball 3-2: Base on Balls
|
Batting: RHB Scott Donlan
|
0-0: Ball 1-0: Foul Ball, location: 2F 1-1: DOUBLE (Line Drive, 7LM) Tsuginori Kobayashi to third
|
Batting: RHB Vince Staples
|
0-0: Called Strike 0-1: Foul Ball, location: 2F 0-2: Ball 1-2: Ball 2-2: Foul Ball, location: 2F 2-2: Strikes out swinging
|
Batting: RHB Jerry Bowen
|
0-0: Ball 1-0: Ball 2-0: Foul Ball, location: 2F 2-1: Foul Ball, location: 2F 2-2: Ground out 4-3 (Groundball, 4) Tsuginori Kobayashi scores Scott Donlan to third
|
Batting: RHB José Colón
|
0-0: Ball 1-0: Reached on error, E5 (Groundball, 56S) Scott Donlan scores
|
Batting: RHB Jim Unknown
|
0-0: Ball 1-0: Ball 2-0: Ball 3-0: Called Strike 3-1: Swinging Strike 3-2: Foul Ball, location: 2F 3-2: Foul Ball, location: 2F 3-2: Foul Ball, location: 2F 3-2: Strikes out looking
|
Bottom of the 9th over - 2 run(s), 1 hit(s), 1 error(s), 1 left on base; Put-In-Bay 3 - Syracuse 3 |
TOP OF THE 10TH |
Put-In-Bay BC batting - Pitching for Syracuse Storm : RHP Jorge Villanueva
|
Pitching: RHP Jim Unknown
|
|
Pinch Hitting: LHB Vicente Castaneda
|
0-0: Foul Ball, location: 2F 0-1: Called Strike 0-2: Strikes out swinging
|
Batting: LHB Francisco Alfaro
|
0-0: Called Strike 0-1: Ground out 3-1 (Groundball, 34S)
|
Pinch Hitting: LHB Jim Unknown
|
0-0: Called Strike 0-1: Ball 1-1: Foul Ball, location: 2F 1-2: Fly out, F8 (Flyball, 8LD)
|
Top of the 10th over - 0 run(s), 0 hit(s), 0 error(s), 0 left on base; Put-In-Bay 3 - Syracuse 3 |
BOTTOM OF THE 10TH |
Syracuse Storm batting - Pitching for Put-In-Bay BC : RHP Félix Santiago
|
Now at 1B: Esteban Martínez
|
|
Now at 2B: Vicente Castaneda
|
|
Batting: LHB Jim Unknown
|
0-0: Called Strike 0-1: Called Strike 0-2: Ball 1-2: Strikes out swinging
|
Batting: LHB William Duffy
|
0-0: Foul Ball, location: 2F 0-1: Ball 1-1: Ball 2-1: Ball 3-1: Foul Ball, location: 2F 3-2: Strikes out looking
|
Batting: LHB António Paez
|
0-0: Called Strike 0-1: Ball 1-1: Foul Ball, location: 2F 1-2: Ground out 4-3 (Groundball, 34)
|
Bottom of the 10th over - 0 run(s), 0 hit(s), 0 error(s), 0 left on base; Put-In-Bay 3 - Syracuse 3 |
TOP OF THE 11TH |
Put-In-Bay BC batting - Pitching for Syracuse Storm : RHP Jim Unknown
|
Pinch Hitting: SHB Marlon Webster
|
0-0: Foul Ball, location: 2F 0-1: Ball 1-1: Foul Ball, location: 2F 1-2: Ball 2-2: Ground out 4-3 (Groundball, 4)
|
Batting: LHB Tural Bishara
|
0-0: Hit by Pitch
|
Batting: RHB Alan McLennan
|
0-0: Swinging Strike 0-1: Foul Ball, location: 2F 0-2: Ball 1-2: Strikes out swinging
|
Batting: SHB Eugene Clutch
|
0-0: Fielders Choice at 2nd, 6-4 (Groundball, 6)
|
Top of the 11th over - 0 run(s), 0 hit(s), 0 error(s), 0 left on base; Put-In-Bay 3 - Syracuse 3 |
BOTTOM OF THE 11TH |
Syracuse Storm batting - Pitching for Put-In-Bay BC : RHP Félix Santiago
|
Now in RF: Vladya Pugiev
|
|
Pinch Hitting: RHB Jim Unknown
|
0-0: Ground out 6-3 (Groundball, 6)
|
Batting: RHB Scott Donlan
|
0-0: Called Strike 0-1: Foul Ball, location: 2F 0-2: Strikes out swinging
|
Batting: RHB Vince Staples
|
0-0: Ball 1-0: Foul Ball, location: 2F 1-1: Called Strike 1-2: Ball 2-2: Strikes out looking
|
Bottom of the 11th over - 0 run(s), 0 hit(s), 0 error(s), 0 left on base; Put-In-Bay 3 - Syracuse 3 |
TOP OF THE 12TH |
Put-In-Bay BC batting - Pitching for Syracuse Storm : RHP Jim Unknown
|
Now at 3B: Jim Unknown
|
|
Batting: RHB Alejandro Márquez
|
0-0: Called Strike 0-1: Ball 1-1: Swinging Strike 1-2: Ball 2-2: Strikes out swinging
|
Batting: RHB Oscar McMillan
|
0-0: Foul Ball, location: 2F 0-1: Called Strike 0-2: Strikes out swinging
|
Batting: LHB Vicente Castaneda
|
0-0: Ball 1-0: Foul Ball, location: 2F 1-1: SINGLE (Line Drive, 56)
|
Batting: LHB Francisco Alfaro
|
0-0: Called Strike Vicente Castaneda is caught stealing 2nd base
|
Top of the 12th over - 0 run(s), 1 hit(s), 0 error(s), 0 left on base; Put-In-Bay 3 - Syracuse 3 |
BOTTOM OF THE 12TH |
Syracuse Storm batting - Pitching for Put-In-Bay BC : RHP Félix Santiago
|
Batting: RHB Jerry Bowen
|
0-0: Ball 1-0: Ball 2-0: Called Strike 2-1: Ground out 4-3 (Groundball, 4S)
|
Pitching: RHP Tupac Blanch
|
|
Batting: RHB José Colón
|
0-0: Ball 1-0: Ball 2-0: Ball 3-0: Called Strike 3-1: Foul Ball, location: 2F 3-2: Foul Ball, location: 2F 3-2: Foul Ball, location: 2F 3-2: Strikes out swinging
|
Batting: RHB Jim Unknown
|
0-0: Ball 1-0: Foul Ball, location: 2F 1-1: Ball 2-1: Ground out 4-3 (Groundball, 4)
|
Bottom of the 12th over - 0 run(s), 0 hit(s), 0 error(s), 0 left on base; Put-In-Bay 3 - Syracuse 3 |
TOP OF THE 13TH |
Put-In-Bay BC batting - Pitching for Syracuse Storm : RHP Jim Unknown
|
Batting: LHB Francisco Alfaro
|
0-0: Ball 1-0: Ball 2-0: Foul Ball, location: 2F 2-1: Foul Ball, location: 2F 2-2: Fly out, F5 (Popup, 5L)
|
Pinch Hitting: RHB Ryan French
|
0-0: Ground out 6-3 (Groundball, 6)
|
Batting: LHB Vladya Pugiev
|
0-0: Foul Ball, location: 2F 0-1: Hit by Pitch
|
Batting: LHB Tural Bishara
|
0-0: Called Strike 0-1: Ball 1-1: Foul Ball, location: 2F 1-2: Fielders Choice at 2nd, 6-4 (Groundball, 6)
|
Top of the 13th over - 0 run(s), 0 hit(s), 0 error(s), 0 left on base; Put-In-Bay 3 - Syracuse 3 |
BOTTOM OF THE 13TH |
Syracuse Storm batting - Pitching for Put-In-Bay BC : RHP Tupac Blanch
|
Now at 1B: António López
|
|
Batting: LHB Jim Unknown
|
0-0: Swinging Strike 0-1: Foul Ball, location: 2F 0-2: Ground out 4-3 (Groundball, 4D)
|
Batting: LHB William Duffy
|
0-0: Ball 1-0: Foul Ball, location: 2F 1-1: Fly out, F7 (Flyball, 78M)
|
Batting: LHB António Paez
|
0-0: Ground out U3 (Groundball, 3L)
|
Bottom of the 13th over - 0 run(s), 0 hit(s), 0 error(s), 0 left on base; Put-In-Bay 3 - Syracuse 3 |
TOP OF THE 14TH |
Put-In-Bay BC batting - Pitching for Syracuse Storm : RHP Jim Unknown
|
Batting: RHB Alan McLennan
|
0-0: Called Strike 0-1: SINGLE (Groundball, 6D)
|
Batting: SHB Eugene Clutch
|
0-0: Called Strike 0-1: Ball 1-1: Reached on error, E3 (Popup, 3S) Alan McLennan to second
|
Batting: RHB Alejandro Márquez
|
0-0: Sac Bunt - play at third, runner OUT! 1-5 Eugene Clutch to second
|
Batting: RHB Oscar McMillan
|
0-0: Fly out, F9 (Flyball, 9)
|
Batting: LHB Vicente Castaneda
|
0-0: Ball 1-0: Called Strike 1-1: SINGLE (Groundball, 34D) Eugene Clutch to third Alejandro Márquez to second Runner from 3rd tries for Home, SAFE, no throw
|
Batting: LHB Francisco Alfaro
|
0-0: Ball 1-0: Fly out, F7 (Flyball, 78M)
|
Top of the 14th over - 1 run(s), 2 hit(s), 1 error(s), 2 left on base; Put-In-Bay 4 - Syracuse 3 |
BOTTOM OF THE 14TH |
Syracuse Storm batting - Pitching for Put-In-Bay BC : RHP Tupac Blanch
|
Batting: RHB Jim Unknown
|
0-0: Ball 1-0: Called Strike 1-1: Called Strike 1-2: Strikes out swinging, 2-3 out at first.
|
Batting: RHB Scott Donlan
|
0-0: Called Strike 0-1: Called Strike 0-2: Ball 1-2: Fly out, F9 (Flyball, 9LM)
|
Batting: RHB Vince Staples
|
0-0: Called Strike 0-1: Ball 1-1: Swinging Strike 1-2: Ball 2-2: Foul Ball, location: 2F 2-2: Ball 3-2: Strikes out swinging
|
Bottom of the 14th over - 0 run(s), 0 hit(s), 0 error(s), 0 left on base; Put-In-Bay 4 - Syracuse 3 |
|